 Dungeon Crawl Stone Soup version 0.25.1-2-g60ff931df9 (webtiles) character file.

Game seed: 443203738981701059

77 Chimkentus the Vexing (level 4, 0/30 HPs)
             Began as an Octopode Arcane Marksman on Aug 17, 2020.
             Slain by a dart slug (1 damage)
             ... on level 2 of the Dungeon.
             The game lasted 00:07:47 (1393 turns).

Chimkentus the Vexing (Octopode Arcane Marksman)    Turns: 1393, Time: 00:07:48

Health: 0/30       AC:  1    Str: 10    XL:     4   Next: 33%
Magic:  5/6        EV: 13    Int: 15    God:
Gold:   58         SH:  0    Dex: 12    Spells: 2/5 levels left

rFire    . . .     SeeInvis .   a - +0 short sword
rCold    . . .     Gourm    .   (no shield)
rNeg     . . .     Faith    .   (helmet restricted)
rPois    .         Spirit   .   (no amulet)
rElec    .         Reflect  .   (no ring)
rCorr    .         Harm     .   (no ring)
MR       .....                  (no ring)
Stlth    ++........             (no ring)
HPRegen  0.10/turn              (no ring)
MPRegen  0.10/turn              (no ring)
                                (no ring)
                                (no ring)

@: no status effects
A: almost no armour, stealthy swim, amphibious, 8 rings, constrict 8, camouflage
1, gelatinous body 1
a: no special abilities


You were on level 2 of the Dungeon.
You were hungry.

You visited 1 branch of the dungeon, and saw 2 of its levels.

You collected 58 gold pieces.

Inventory:

Hand Weapons
 a - a +0 short sword (weapon)
 h - a +0 dagger
Missiles
 c - a throwing net (quivered)
 g - 51 stones
Scrolls
 i - 2 scrolls of remove curse
Potions
 e - a potion of invisibility {unknown}
 j - a potion of stabbing {unknown}
Comestibles
 b - 5 chunks of flesh
 d - 3 rations


   Skills:
 * Level 2.4 Fighting
 + Level 0.8 Short Blades
 + Level 2.4 Throwing
 * Level 2.4 Dodging
 + Level 1.4 Spellcasting
 + Level 3.4 Hexes


You had 2 spell levels left.
You knew the following spells:

 Your Spells              Type           Power        Failure   Level  Hunger
a - Corona                Hex            ##.....      6%          1    ##.....
b - Slow                  Hex            ##......     9%          2    ###....

Your spell library contained the following spells:

 Spells                   Type           Power        Failure   Level  Hunger
 Inner Flame              Hex/Fire       #.......     34%         3    ####...
 Portal Projectile        Hex/Tloc       #.....       34%         3    ####...
 Cause Fear               Hex            ##........   50%         4    #####..
 Leda's Liquefaction      Hex/Erth       #.........   75%         4    #####..


Dungeon Overview and Level Annotations

Branches:
Dungeon (2/15)

Altars:


Innate Abilities, Weirdness & Mutations

You cannot wear most types of armour.
You are very stealthy in the water. (Stealth+)
You are amphibious.
You can wear up to eight rings at the same time.
You can use your tentacles to constrict eight enemies at once.
Your skin changes colour to match your surroundings (Stealth+).
Your rubbery body absorbs attacks. (AC +1, EV +1)


Message History

Throwing (i - inventory. (/) - cycle)
l - an atropa-tipped dart (quivered)
Press: ? - help, Shift-Dir - straight line, f - goblin, p - dart slug
Aim: a goblin (chance to blind on hit: 100%)
You throw an atropa-tipped dart.
The atropa-tipped dart closely misses the goblin.
You hit the goblin.
You kill the goblin!
The dart slug seems less confused.
The dart slug launches a dart at you. The slug dart hits you.
* * * LOW HITPOINT WARNING * * *
You see here a goblin corpse.
You hit the dart slug but do no damage. You grab the dart slug.
You squeeze the dart slug, but do no damage.
You constrict the dart slug. The dart slug closely misses you.
You hit the dart slug.
The dart slug is moderately wounded.
You constrict the dart slug.
The dart slug is no longer blind.
The dart slug bites you.
You die...

#...$...# #...#..
#.((....#######.#.##.
###.w.w.........#....
#)###.###..........
#)#(%.$?#.....####.
#)##..w##.....# .
#.#w..s.#.....#
#w#######...g$g.
#.@g..........#..
####..........#..
##.........
#######.## # .. ?#


You could see a dart slug and a hobgoblin.

Vanquished Creatures
  Robin (D:2)
  2 worms (D:2)
  2 dart slugs (D:1)
  2 leopard geckos
  3 giant cockroaches
  12 goblins
  5 hobgoblins
  7 jackals
  A quokka (D:1)
  3 bats
  2 frilled lizards
  4 kobolds (D:1)
  2 rats
46 creatures vanquished.

Notes
Turn   | Place    | Note
-------+----------+-------------------------------------------
     0 | D:1      | Chimkentus the Octopode Arcane Marksman began the quest for
                  | the Orb.
     0 | D:1      | Reached XP level 1. HP: 13/13 MP: 2/2
   271 | D:1      | Reached XP level 2. HP: 18/18 MP: 3/3
   277 | D:1      | Learned a level 2 spell: Slow
   569 | D:1      | Reached XP level 3. HP: 24/24 MP: 4/4
  1093 | D:2      | Identified the +2 helmet "Ohamylach" {rF+ rC- Int+5}
  1093 | D:2      | Noticed Robin
  1356 | D:2      | Killed Robin
  1356 | D:2      | Reached XP level 4. HP: 21/30 MP: 3/5
  1391 | D:2      | HP: 1/30 [dart slug/slug dart (5)]
  1393 | D:2      | Slain by a dart slug

Illustrated notes

Levels and vault maps discovered:
D:1:      lordsloth_arrival_two_stooges, layout_basic
D:2:      layout_rooms, first_ration, chequers_ecumenical_altar_simple_redux,
          minmay_split_cup_large, uniq_robin

Skill      XL: |  1  2  3 |
---------------+----------+-----
Fighting       | 2 |  2.4
Short Blades   | |  0.8
Throwing       | |  2.4
Dodging        | |  2.4
Spellcasting   | |  1.4
Hexes          | |  3.4

Action                   |  1- 3 |  4- 6 || total
-------------------------+-------+-------++-------
Melee: Short sword       |    68 |    16 ||    84
       Tentacles         |     8 |     1 ||     9
       Constrict         |    16 |     5 ||    21
Throw: Javelin           |    20 |       ||    20
       Dart              |     3 |     3 ||     6
       Throwing net      |     2 |       ||     2
 Cast: Corona            |    16 |       ||    16
       Slow              |     5 |     1 ||     6
  Use: Potion            |       |     2 ||     2
       Scroll            |       |     1 ||     1
 Stab: Invisible         |     1 |       ||     1
       Sleeping          |     1 |       ||     1
  Eat: Chunk             |     2 |       ||     2
Armor: Skin              |     7 |       ||     7
Dodge: Dodged            |    53 |    13 ||    66
